 Dungeon Crawl Stone Soup version 0.23-a0-644-gb60d84b635 (webtiles) character file.

363068 Chiseanne the Swashbuckler (level 22, -2/173 HPs)
             Began as a Gnoll Wanderer on Sept 18, 2018.
             Was an Initiate of Gozag.
             Killed from afar by a vault guard (6 damage)
             ... with an exploding inner flame
             ... hexed by the player character
             ... on level 5 of the Vaults on Jan 2, 2019.
             The game lasted 04:50:58 (47179 turns).

Chiseanne the Swashbuckler (Gnoll Wanderer)        Turns: 47179, Time: 04:50:58

Health: -2/173     AC: 17    Str: 24    XL:     22   Next: 49%
Magic:  0/40       EV: 23    Int: 14    God:    Gozag
Gold:   3694       SH: 21    Dex: 21    Spells: 15/49 levels left

rFire    + . .     SeeInvis .   w - +7 hand crossbow of Ataor {elec, *Slow rPois rN+ Dex+4}
rCold    + . .     Gourm    .   R - +0 large shield of the New World {rPois rN+}
rNeg     + + +     Faith    .   j - +1 troll leather armour of Weiffug {rElec rF++ Regen+ rCorr Int-4 Slay+2}
rPois    +         Spirit   +   S - +2 hat of the Bear Spirit {Spirit, +Rage rN+ MR++}
rElec    +         Reflect  .   F - scarf {repulsion}
rCorr    +         Harm     .   z - +2 pair of gloves of the Orcish Mines {Int+4}
MR       +++..                  W - +2 pair of boots {Fly}
Stlth    ++++++....             X - amulet of the acrobat
HPRegen  0.78/turn              x - +4 ring of slaying
MPRegen  0.27/turn              o - ring "Teog" {Ice Str+4 Dex-3 Slay+6}

@: gold aura, flying, repel missiles
A: distributed training, fangs 1, strong nose
}: 2/15 runes: decaying, serpentine
a: Potion Petition, Call Merchant, Bribe Branch, Renounce Religion, Evoke
Berserk Rage, Stop Flying


You were on level 5 of the Vaults.
You worshipped Gozag.
Gozag was most pleased with you.
You were not hungry.

You visited 8 branches of the dungeon, and saw 40 of its levels.
You visited the Abyss 2 times.
You also visited: Sewer, Bailey and Labyrinth.

You collected 21980 gold pieces.
You spent 8418 gold pieces at shops.
You paid 9868 gold pieces to Gozag.

Inventory:

Hand Weapons
 a - a +2 broad axe of chopping
 q - the +9 fustibalus "Wabb" {venom, rN+ Int+4}
   (You found it on level 6 of the Lair of Beasts)

   It poisons the ammo it fires.
   It affects your intelligence (+4).
   It protects you from negative energy.
 s - the +2 long sword of Hitiurun {flame, rF+ rC++ MR+ Stlth-}
   (You found it on level 4 of the Lair of Beasts)

   It has been specially enchanted to burn those struck by it, causing extra
   injury to most foes and up to half again as much damage against particularly
   susceptible opponents.
   Big, fiery blades are also staple armaments of hydra-hunters.
   It protects you from fire.
   It greatly protects you from cold.
   It affects your resistance to hostile enchantments.
   It makes you less stealthy.
 w - the +7 hand crossbow of Ataor (weapon) {elec, *Slow rPois rN+ Dex+4}
   (You bought it in a shop on level 15 of the Dungeon)

   It charges the ammunition it shoots with electricity; occasionally upon a
   hit, such missiles may discharge and cause terrible harm.
   It affects your dexterity (+4).
   It protects you from poison.
   It protects you from negative energy.
   It may slow you when you take damage.
 Y - the +12 long sword of the Wheel {venom, Int+10 Dex-3}
   (You took it off a deep elf mage on level 3 of the Elven Halls)

   It poisons the flesh of those it strikes.
   It affects your intelligence (+10).
   It affects your dexterity (-3).
Missiles
 b - 1166 bolts (quivered)
 n - a throwing net
 V - 202 sling bullets
Armour
 j - the +1 troll leather armour of Weiffug (worn) {rElec rF++ Regen+ rCorr Int-4 Slay+2}
   (You bought it in a shop on level 15 of the Dungeon)

   It affects your intelligence (-4).
   It affects your accuracy and damage with ranged weapons and melee attacks
   (+2).
   It greatly protects you from fire.
   It insulates you from electricity.
   It increases your rate of regeneration.
   It provides partial protection from all sources of acid and corrosion.
 z - the +2 pair of gloves of the Orcish Mines (worn) {Int+4}
   (You found it on level 3 of the Elven Halls)

   It affects your intelligence (+4).
 F - a scarf of repulsion (worn)
 R - the +0 large shield of the New World (worn) {rPois rN+}
   (You took it off Louise on level 15 of the Dungeon)

   It protects you from poison.
   It protects you from negative energy.
 S - the +2 hat of the Bear Spirit (worn) {Spirit, +Rage rN+ MR++}
   (You bought it in a shop on level 8 of the Dungeon)

   It protects you from negative energy.
   It affects your resistance to hostile enchantments.
   It lets you go berserk.
 W - a +2 pair of boots of flying (worn)
Jewellery
 o - the ring "Teog" (right hand) {Ice Str+4 Dex-3 Slay+6}
   (You bought it in a shop on level 15 of the Dungeon)

   [ring of ice]

   It enhances your ice magic.
   It affects your strength (+4).
   It affects your dexterity (-3).
   It affects your accuracy and damage with ranged weapons and melee attacks
   (+6).
   It makes you vulnerable to fire.
   It protects you from cold.
 x - a +4 ring of slaying (left hand)
 M - the ring "Koddemn" {rElec SInv Stlth+}
   (You bought it in a shop on level 3 of the Elven Halls)

   [ring of see invisible]

   It insulates you from electricity.
   It lets you see invisible.
   It makes you more stealthy.
 X - an amulet of the acrobat (around neck)
Wands
 r - a wand of digging (47)
 G - a wand of clouds (4)
 O - a wand of paralysis (25)
 Z - a wand of acid (23)
Scrolls
 c - 6 scrolls of fog
 l - 13 scrolls of remove curse
 v - 11 scrolls of teleportation
 A - a scroll of holy word
 B - 17 scrolls of identify
 C - 8 scrolls of fear
 H - 2 scrolls of silence
 K - 7 scrolls of magic mapping
 N - 6 scrolls of blinking
 P - a scroll of summoning
 T - 6 scrolls of immolation
 U - a scroll of enchant armour
Potions
 e - 2 potions of lignification
 g - 2 potions of berserk rage
 h - 6 potions of resistance
 i - 3 potions of invisibility
 k - 4 potions of heal wounds
 m - 6 potions of brilliance
 p - 2 potions of ambrosia
 u - 17 potions of curing
 E - 8 potions of flight
 I - 2 potions of haste
 J - 8 potions of cancellation
 Q - a potion of agility
Miscellaneous
 d - a lightning rod (4/4)
 f - 3 boxes of beasts
 t - 2 sacks of spiders
 D - a phial of floods
 L - a lamp of fire
Comestibles
 y - 32 rations


   Skills:
 + Level 14.6 Fighting
 + Level 17.1 Short Blades
 + Level 14.4 Long Blades
 + Level 14.4 Axes
 + Level 14.4 Maces & Flails
 + Level 14.4 Polearms
 + Level 14.9 Staves
 + Level 14.4 Slings
 + Level 14.4 Bows
 + Level 15.5 Crossbows
 + Level 14.4 Throwing
 + Level 14.9 Armour
 + Level 14.4 Dodging
 + Level 14.5 Stealth
 + Level 14.4 Shields
 + Level 14.4 Unarmed Combat
 + Level 14.4 Spellcasting
 + Level 12.4 Conjurations
 + Level 12.4 Hexes
 + Level 12.4 Charms
 + Level 12.4 Summonings
 + Level 12.4 Necromancy
 + Level 12.4 Translocations
 + Level 12.4 Transmutations
 + Level 12.4 Fire Magic
 + Level 12.4 Ice Magic
 + Level 12.4 Air Magic
 + Level 12.4 Earth Magic
 + Level 12.4 Poison Magic
 + Level 15.5 Invocations
 + Level 14.6 Evocations


You had 15 spell levels left.
You knew the following spells:

 Your Spells              Type           Power        Failure   Level  Hunger
a - Apportation           Tloc           #####.       1%          1    None
b - Summon Butterflies    Summ           #####...     1%          1    None
c - Shroud of Golubria    Chrm/Tloc      #####.....   1%          2    None
d - Song of Slaying       Chrm           #####...     1%          2    None
e - Regeneration          Chrm/Necr      #####.....   1%          3    None
f - Lesser Beckoning      Tloc           #####.....   1%          3    None
g - Tukima's Dance        Hex            #####...     1%          3    None
h - Blink                 Tloc           N/A          1%          2    None
i - Mephitic Cloud        Conj/Pois/Air  #####...     1%          3    None
j - Aura of Abjuration    Summ           #####.....   4%          5    ####...
k - Dispel Undead         Necr           #####...     4%          5    ####...
l - Passage of Golubria   Tloc           N/A          1%          4    ##.....

Your spell library contained the following spells:

 Spells                   Type           Power        Failure   Level  Hunger
 Animate Skeleton         Necr           N/A          1%          1    None
 Confusing Touch          Hex            #####.       1%          1    None
 Flame Tongue             Conj/Fire      #####        1%          1    None
 Freeze                   Ice            ####         1%          1    None
 Infusion                 Chrm           ####         1%          1    None
 Magic Dart               Conj           ####         1%          1    None
 Pain                     Necr           ####         1%          1    None
 Sandblast                Erth           #####.       1%          1    None
 Summon Small Mammal      Summ           ####         1%          1    None
 Call Imp                 Summ           #####...     1%          2    None
 Corpse Rot               Necr           N/A          1%          2    None
 Passwall                 Tmut/Erth      #####...     1%          2    None
 Slow                     Hex            #####...     1%          2    None
 Sublimation of Blood     Necr           #####.....   1%          2    None
 Swiftness                Chrm/Air       #####...     1%          2    None
 Throw Flame              Conj/Fire      #####.       1%          2    None
 Throw Frost              Conj/Ice       ######       1%          2    None
 Conjure Flame            Conj/Fire      #####...     1%          3    None
 Ignite Poison            Fire/Tmut/Pois #####...     1%          3    None
 Ozocubu's Armour         Chrm/Ice       ######..     1%          3    None
 Recall                   Summ/Tloc      N/A          1%          3    None
 Spectral Weapon          Hex/Chrm       #####...     1%          3    None
 Static Discharge         Conj/Air       #####...     1%          3    None
 Stone Arrow              Conj/Erth      #####.       1%          3    None
 Summon Guardian Golem    Hex/Summ       #####...     1%          3    None
 Vampiric Draining        Necr           #####.....   1%          3    None
 Animate Dead             Necr           N/A          1%          4    ##.....
 Petrify                  Tmut/Erth      #####...     1%          4    ##.....
 Summon Ice Beast         Ice/Summ       ######..     1%          4    ##.....
 Throw Icicle             Conj/Ice       ######..     1%          4    ##.....
 Agony                    Necr           #####...     4%          5    ####...
 Alistair's Intoxication  Tmut/Pois      #####...     4%          5    ####...
 Bolt of Draining         Conj/Necr      #####.....   4%          5    ####...
 Bolt of Magma            Conj/Fire/Erth #####.....   4%          5    ####...
 Borgnjor's Vile Clutch   Necr/Erth      #####.....   4%          5    ####...
 Excruciating Wounds      Chrm/Necr      #####.....   4%          5    ####...
 Fireball                 Conj/Fire      #####.....   4%          5    ####...
 Irradiate                Conj/Tmut      #####.....   4%          5    ####...
 Iskenderun's Battlesphe  Conj/Chrm      #####...     4%          5    ####...
 Lee's Rapid Deconstruct  Erth           #####.....   4%          5    ####...
 Lightning Bolt           Conj/Air       #####.....   4%          5    ####...
 Summon Demon             Summ           #####.....   4%          5    ####...
 Summon Forest            Summ/Tloc      #####.....   4%          5    ####...
 Summon Mana Viper        Hex/Summ       #####...     4%          5    ####...
 Venom Bolt               Conj/Pois      #####.....   4%          5    ####...
 Bolt of Fire             Conj/Fire      #####.....   26%         6    ######.
 Conjure Ball Lightning   Conj/Air       #####.....   26%         6    ######.
 Darkness                 Hex            #####.....   26%         6    ######.
 Death Channel            Necr           #####.....   26%         6    ######.
 Invisibility             Hex            #####...     26%         6    ######.
 Iron Shot                Conj/Erth      #####.....   26%         6    ######.
 Shadow Creatures         Summ           N/A          26%         6    ######.
 Simulacrum               Ice/Necr       ######....   26%         6    ######.
 Orb of Destruction       Conj           #####.....   83%         7    #######
 Ring of Flames           Chrm/Fire      #####.....   83%         7    #######
 Spellforged Servitor     Conj/Summ      #####.....   83%         7    #######
 Discord                  Hex            #####.....   100%        8    #######
 Ignition                 Fire           #####.....   100%        8    #######
 Shatter                  Erth           #####.....   100%        9    #######
 Tornado                  Air            #####.....   100%        9    #######


Dungeon Overview and Level Annotations

Branches:
Dungeon (15/15)            Temple (1/1) D:6            Lair (6/6) D:9
  Swamp (4/4) Lair:4        Snake (4/4) Lair:3        Slime (0/5) Lair:5
    Orc (2/2) D:12            Elf (3/3) Orc:2        Vaults (5/5) D:13
  Crypt (0/3) Vaults:2     Depths (0/5) D:15

Altars:
Ashenzari
Cheibriados
Dithmenos
Fedhas
Gozag
Hepliaklqana
Kikubaaqudgha
Makhleb
Nemelex Xobeh
Okawaru
Qazlal
Ru
Sif Muna
Trog
Uskayaw
Vehumet
Wu Jian
Xom
Yredelemnul
Zin
The Shining One

Shops:
D:4 :   D:7 !   D:8 =[!?[*   D:10 [   D:14 (   D:15 [[=([([[   Orc:2 (%%=
Elf:3 [==:   Snake:2 =   Snake:3 (([(*

Annotations:
D:5 1 runed door, Ablot's ghost, novice GnSk
D:12 3 runed doors, mora's ghost, journeyman HOMo
Orc:1 2 runed doors, exclusion: orange crystal statue
Elf:2 5 runed doors


Innate Abilities, Weirdness & Mutations

Your experience applies equally to all skills.
You have very sharp teeth.
Your uncanny sense of smell can sniff out nearby items.


Message History

The shadow dragon is lightly wounded.
The fiery explosion engulfs the vault guard.
The vault guard is almost dead.
The vault warden is engulfed in blazing flames.
The vault guard shouts! x2; You hear a deafening roar!
You hear a horrible gurgling sound!
You hear a shout!
You hear a horrible gurgling sound!
A magical barricade bars your way!
As you read the scroll of summoning, it crumbles to dust.
Wisps of shadow whirl around you...
You are engulfed in blazing flames.
You resist.
The vault guard is engulfed in blazing flames.
You block the vault guard's attack.
The vault guard hits your ironheart preserver with a +0 war axe.
The vault guard closely misses your ironbrand convoker.
The vault guard is engulfed in blazing flames.
The vault guard explodes!
The fiery explosion engulfs you! You resist.
You die...
Your body crumbles into a pile of gold.

#..#....##...
#..#..$.#$..#
$......$.$#
####....$$.$###
$..$§§§p§p...$.
$$..§cp§p§.p...
.$$.§c§§§p....$
.$..§§§@ppTp...
####§p§§pD..###


.$c.cccpp§T..p# $$$$$ .###.#§Tc§#.... $$$$ ∆#c#c..T# ..# $$$ $∆ # #..T.# ## $$ $
#....# $ #...$# You could see a shadow dragon (inner flame), 2 vault wardens, 9
vault guards, a friendly ironheart preserver, a friendly vault warden, 2
friendly deep trolls, a friendly ironbrand convoker, a friendly deep troll earth
mage, 2 friendly deep troll shamans and 9 friendly yaktaurs.

Vanquished Creatures
  Mara (Vaults:3)
  Sojobo (Vaults:2)
  Saint Roka (Vaults:2)
  Frederick (Vaults:4)
  Xtahua (Vaults:2)
  Jory (Vaults:4)
  A lich (Abyss:3)
  2 deep elf blademasters (Elf:3)
  2 deep elf master archers
  2 tengu reavers (Vaults:2)
  A tentacled starspawn (Abyss:3)
  2 thorn hunters
  8 nagarajas
  2 fire giants
  6 deep elf sorcerers
  A frost giant (Vaults:4)
  An orc warlord (Orc:2)
  6 vault wardens
  A war gargoyle (Vaults:2)
  Louise (D:15)
  5 deep elf elementalists
  7 very ugly things
  11 ironheart preservers
  5 stone giants
  3 entropy weavers
  Nessos (D:13)
  7 deep elf annihilators
  6 deep elf demonologists
  A minotaur (Lab)
  5 dire elephants
  The ghost of Nyeqih the Cleaver, a journeyman DDFi of Makhleb (Orc:1)
  2 ettins
  7 deep elf death magi
  6 yaktaur captains
  2 fire dragons
  A deep elf high priest (Elf:3)
  3 great orbs of eyes
  Erica (D:8)
  2 ice dragons
  21 hydras
  A ghost crab (Swamp:4)
  7 centaur warriors
  14 naga warriors
  A rakshasa (D:13)
  22 vault guards
  Harold (D:7)
  18 two-headed ogres
  6 anacondas
  6 shambling mangroves
  A death yak (Lair:4)
  2 death knights
  7 ogre magi
  8 alligators
  A hell hog (Abyss:3)
  3 orc high priests (Orc:2)
  3 shock serpents (Snake:1)
  A vampire mage (Vaults:2)
  Urug (D:13)
  14 naga sharpshooters
  4 thrashing horrors (Abyss:3)
  A sun demon (Abyss:3)
  22 deep elf knights
  A fire crab (shapeshifter) (Vaults:1)
  2 shadow wraiths
  6 skeletal warriors
  2 salamander mystics
  5 deep trolls
  3 spriggan druids (Swamp:4)
  4 flayed ghosts
  3 unseen horrors
  A lindwurm (Lair:3)
  7 naga ritualists
  4 glowing orange brains
  4 wizards
  10 swamp dragons
  11 deep elf archers
  11 orc knights
  13 harpies
  11 ironbrand convokers
  Pikel (D:4)
  A necromancer (Vaults:1)
  An oklob plant (Lair:2)
  53 deep elf magi
  7 orc sorcerers
  2 cyclopes (Vaults:2)
  7 mana vipers
  2 moths of wrath
  3 wolf spiders
  5 salamanders
  19 ugly things
  25 black mambas
  Joseph (D:9)
  4 manticores
  Maurice (Orc:2)
  2 guardian serpents
  11 vault sentinels
  11 elephants
  2 torpor snails
  An eye of devastation (Lair:5)
  Psyche (D:10)
  A spiny frog (shapeshifter) (D:13)
  24 spiny frogs
  27 naga magi
  2 centaur skeletons
  A gargoyle (D:14)
  A rime drake (shapeshifter) (D:15)
  4 freezing wraiths
  3 rime drakes
  7 komodo dragons
  A kobold demonologist (D:14)
  An ancient zyme (Abyss:3)
  2 minotaur skeletons (Lab)
  29 yaktaurs
  18 tyrant leeches
  5 polar bears (Lair:3)
  2 jumping spiders
  A polar bear (shapeshifter) (Vaults:4)
  A queen bee (shapeshifter) (Vaults:1)
  6 trolls
  9 bog bodies
  A tengu simulacrum (Vaults:2)
  16 blink frogs
  28 slime creatures
  A wind drake (shapeshifter) (D:14)
  25 hornets
  6 dream sheep (Lair:6)
  A snapping turtle (D:10)
  2 meliai zombies
  11 hippogriffs
  2 water elementals
  2 ynoxinuls (Abyss:3)
  3 shadows
  4 wyverns
  7 spriggans
  2 air elementals
  16 humans (D:13)
  5 redbacks
  A wraith (Vaults:2)
  3 basilisks
  21 yaks
  2 large abominations (Abyss:3)
  3 fire elementals
  A tarantella (Vaults:4)
  A hungry ghost (Lab)
  A yaktaur simulacrum (Vaults:1)
  A steam dragon (shapeshifter) (Vaults:2)
  A steam dragon (D:13)
  34 vampire mosquitoes
  17 swamp worms
  37 nagas
  2 wargs (Orc:1)
  A soldier ant (D:14)
  9 water moccasins
  4 porcupines
  4 acid dragons
  A small abomination (Abyss:3)
  Duvessa (D:7)
  3 ice beasts
  45 orc warriors
  6 sky beasts
  2 black bears
  2 phantoms (D:8)
  3 necrophages
  11 swamp drakes
  19 ogres
  2 eyes of draining
  5 starcursed masses (Abyss:3)
  5 wolves (Lair:1)
  4 boggarts (Vaults:1)
  14 centaurs
  6 crocodiles
  22 bullfrogs
  4 big kobolds
  3 earth elementals
  A gnoll sergeant (D:8)
  Dowan (D:7)
  A wyvern skeleton (D:12)
  3 scorpions
  A water moccasin zombie (D:10)
  6 killer bees
  12 wights
  A spriggan skeleton (Lab)
  5 howler monkeys
  4 vampire bats (D:7)
  3 electric eels
  5 centaur zombies
  10 crimson imps
  A quasit (Abyss:3)
  7 bullfrog zombies
  3 bullfrog skeletons
  12 hounds
  23 orc priests
  3 iguanas
  3 jellies
  29 orc wizards
  8 worker ants
  3 ogre skeletons (Lab)
  2 hound skeletons
  A howler monkey zombie (D:5)
  A worker ant zombie (D:9)
  6 gnolls (D:8)
  2 howler monkey skeletons
  20 adders
  A river rat (D:5)
  4 shadow imps
  An ufetubus (Vaults:2)
  6 oozes
  2 adder zombies
  2 adder skeletons
  4 worms
  2 dart slugs
  A worm (shapeshifter) (D:15)
  9 leopard geckos
  110 orcs
  4 ball pythons
  3 bat zombies (D:3)
  9 giant cockroaches
  6 goblins
  8 hobgoblins
  23 jackals
  5 quokkas
  20 bats
  8 frilled lizards
  18 kobolds
  2 quokka skeletons
  7 rats
  A rat zombie (D:3)
  3 briar patches (Swamp:1)
  5 fungi
  A lurking horror (Abyss:3)
  5 plants
1566 creatures vanquished.

Vanquished Creatures (collateral kills)
  Rupert (D:13)
  A vault warden (Vaults:2)
  3 dancing weapons (Elf:1)
  A deep elf archer (Elf:1)
  2 deep elf magi (Elf:1)
8 creatures vanquished.

Vanquished Creatures (others)
  A vault warden (Vaults:2)
  A vault guard (Vaults:2)
  9 dancing weapons
  4 deep elf knights
  A swamp dragon (Swamp:4)
  A vault sentinel (Vaults:1)
  A black mamba (Snake:1)
  A tyrant leech (Lair:6)
  An air elemental (Elf:3)
  2 spriggans (Swamp:4)
  A swamp worm (Swamp:4)
  A swamp drake (Swamp:4)
  2 bushes (Lair:6)
  12 fungi
  9 plants
47 creatures vanquished.

Grand Total: 1621 creatures vanquished

Notes
Turn   | Place    | Note
-------+----------+-------------------------------------------
     0 | D:1      | Chiseanne the Gnoll Wanderer began the quest for the Orb.
     0 | D:1      | Chiseanne set off with: a +2 hand crossbow, 26 bolts, a +0
                  | hand axe, a potion of lignification, a +0 robe, a ration
     0 | D:1      | Reached XP level 1. HP: 17/17 MP: 2/2
    79 | D:1      | Reached XP level 2. HP: 23/23 MP: 3/3
   616 | D:1      | Reached XP level 3. HP: 28/28 MP: 4/4
   892 | D:2      | Reached skill level 1 in Invocations
   984 | D:2      | Reached skill level 1 in Short Blades
   984 | D:2      | Reached skill level 1 in Long Blades
   984 | D:2      | Reached skill level 1 in Axes
   984 | D:2      | Reached skill level 1 in Maces & Flails
   984 | D:2      | Reached skill level 1 in Polearms
   984 | D:2      | Reached skill level 1 in Slings
   984 | D:2      | Reached skill level 1 in Bows
   984 | D:2      | Reached skill level 1 in Throwing
   984 | D:2      | Reached skill level 1 in Dodging
   984 | D:2      | Reached skill level 1 in Shields
   984 | D:2      | Reached skill level 1 in Unarmed Combat
   984 | D:2      | Reached skill level 1 in Spellcasting
  1078 | D:2      | Reached XP level 4. HP: 34/34 MP: 6/6
  1166 | D:2      | Noticed a dagger
  1167 | D:2      | Noticed a dagger
  1190 | D:2      | Found a hide-covered altar of Uskayaw.
  1508 | D:3      | Found a shimmering altar of Xom.
  1530 | D:3      | Reached skill level 1 in Conjurations
  1530 | D:3      | Reached skill level 1 in Hexes
  1530 | D:3      | Reached skill level 1 in Charms
  1530 | D:3      | Reached skill level 1 in Summonings
  1530 | D:3      | Reached skill level 1 in Necromancy
  1530 | D:3      | Reached skill level 1 in Translocations
  1530 | D:3      | Reached skill level 1 in Transmutations
  1530 | D:3      | Reached skill level 1 in Fire Magic
  1530 | D:3      | Reached skill level 1 in Ice Magic
  1530 | D:3      | Reached skill level 1 in Air Magic
  1530 | D:3      | Reached skill level 1 in Earth Magic
  1530 | D:3      | Reached skill level 1 in Poison Magic
  1530 | D:3      | Reached XP level 5. HP: 40/40 MP: 7/7
  1829 | D:3      | Reached XP level 6. HP: 23/47 MP: 8/8
  2102 | D:3      | Found an ancient bone altar of Kikubaaqudgha.
  2261 | D:3      | Reached skill level 2 in Short Blades
  2261 | D:3      | Reached skill level 5 in Staves
  2261 | D:3      | Reached skill level 5 in Armour
  2379 | D:4      | Found a blossoming altar of Fedhas.
  2417 | D:4      | Reached XP level 7. HP: 50/52 MP: 10/10
  2545 | D:4      | Noticed Pikel
  2555 | D:4      | Killed Pikel
  2555 | D:4      | Reached skill level 3 in Short Blades
  2555 | D:4      | Reached XP level 8. HP: 27/60 MP: 10/12
  2729 | D:4      | Found Ypikk's Book Shoppe.
  3065 | D:5      | Entered Level 5 of the Dungeon
  3251 | D:5      | Found a runed door.
  3251 | D:5      | Noticed Ablot's ghost (novice GnSk)
  3379 | D:5      | Got a scorched ring mail
  3391 | D:5      | Identified the +5 ring mail of Licheim {Int+4 Slay+3} (You
                  | found it on level 5 of the Dungeon)
  3449 | D:5      | Found a glowing drain.
  3453 | Sewer    | Entered a sewer
  4619 | D:6      | Reached XP level 9. HP: 66/66 MP: 14/14
  4753 | D:6      | Reached skill level 4 in Short Blades
  4826 | D:6      | Found a staircase to the Ecumenical Temple.
  4838 | Temple   | Entered the Ecumenical Temple
  4979 | Temple   | Became a worshipper of Gozag Ym Sagoz the Greedy
  5298 | D:7      | Found Sosaupn's Distillery.
  5305 | D:7      | Noticed Duvessa
  5323 | D:7      | Reached skill level 5 in Fighting
  5323 | D:7      | Reached skill level 5 in Evocations
  5328 | D:7      | Noticed Harold
  5330 | D:7      | Noticed Dowan
  5334 | D:7      | Killed Duvessa
  5343 | D:7      | Reached skill level 5 in Stealth
  5348 | D:7      | Killed Harold
  5348 | D:7      | Reached skill level 5 in Invocations
  5359 | D:7      | Reached XP level 10. HP: 66/74 MP: 17/17
  5361 | D:7      | Killed Dowan
  5437 | D:7      | Bought 2 potions of ambrosia for 224 gold pieces
  5437 | D:7      | Bought a potion of might for 56 gold pieces
  5437 | D:7      | Bought a potion of agility for 56 gold pieces
  5437 | D:7      | Bought a potion of curing for 42 gold pieces
  5450 | D:7      | Found a sacrificial altar of Ru.
  5528 | D:7      | Found a bloodstained altar of Trog.
  5647 | D:7      | Found an ornate altar of the Wu Jian Council.
  5648 | D:7      | Found a glowing golden altar of the Shining One.
  5724 | D:7      | Found a snail-covered altar of Cheibriados.
  5797 | D:7      | Found a sparkling altar of Nemelex Xobeh.
  5853 | D:7      | Bought a potion of cancellation for 112 gold pieces
  5853 | D:7      | Bought a potion of curing for 42 gold pieces
  5853 | D:7      | Bought a potion of curing for 42 gold pieces
  5872 | D:8      | Noticed Erica
  5950 | D:8      | Found a burning altar of Makhleb.
  5965 | D:8      | Reached skill level 5 in Short Blades
  5965 | D:8      | Reached skill level 5 in Long Blades
  5965 | D:8      | Reached skill level 5 in Axes
  5965 | D:8      | Reached skill level 5 in Maces & Flails
  5965 | D:8      | Reached skill level 5 in Polearms
  5965 | D:8      | Reached skill level 5 in Slings
  5965 | D:8      | Reached skill level 5 in Bows
  5965 | D:8      | Reached skill level 5 in Throwing
  5965 | D:8      | Reached skill level 5 in Dodging
  5965 | D:8      | Reached skill level 5 in Shields
  5965 | D:8      | Reached skill level 5 in Unarmed Combat
  5965 | D:8      | Reached skill level 5 in Spellcasting
  6018 | D:8      | Found Vifol's Distillery.
  6208 | D:8      | Found a flagged portal.
  6219 | Bailey   | Entered a bailey
  6219 | Bailey   | Noticed an orc knight
  6539 | Bailey   | Noticed a moth of wrath
  6539 | Bailey   | an orc knight changed into a moth of wrath
  6543 | Bailey   | Killed a moth of wrath
  7029 | D:8      | Found Rocvaf's Magic Scroll Boutique.
  7040 | D:8      | Bought a scroll of immolation for 45 gold pieces
  7040 | D:8      | Bought a scroll of identify for 26 gold pieces
  7040 | D:8      | Bought a scroll of identify for 26 gold pieces
  7040 | D:8      | Bought a scroll of identify for 26 gold pieces
  7040 | D:8      | Bought a scroll of identify for 26 gold pieces
  7040 | D:8      | Bought a scroll of identify for 26 gold pieces
  7040 | D:8      | Bought a scroll of teleportation for 39 gold pieces
  7040 | D:8      | Bought a scroll of blinking for 97 gold pieces
  7040 | D:8      | Bought a scroll of magic mapping for 45 gold pieces
  7040 | D:8      | Bought a scroll of fear for 45 gold pieces
  7040 | D:8      | Bought a scroll of summoning for 123 gold pieces
  7239 | D:8      | Found Meudeliy's General Store.
  7261 | D:8      | Bought a scroll of identify for 26 gold pieces
  7261 | D:8      | Bought a scroll of identify for 26 gold pieces
  7893 | D:8      | Found Qaxadodd's Jewellery Boutique.
  7899 | D:8      | Found Qahotauz's Armour Shop.
  7907 | D:8      | Reached XP level 11. HP: 82/82 MP: 19/19
  8009 | D:8      | Killed Erica
  8115 | D:9      | Noticed Joseph
  8129 | D:9      | Killed Joseph
  8226 | D:9      | Reached skill level 6 in Short Blades
  8236 | D:9      | Reached skill level 5 in Conjurations
  8236 | D:9      | Reached skill level 5 in Hexes
  8236 | D:9      | Reached skill level 5 in Charms
  8236 | D:9      | Reached skill level 5 in Summonings
  8236 | D:9      | Reached skill level 5 in Necromancy
  8236 | D:9      | Reached skill level 5 in Translocations
  8236 | D:9      | Reached skill level 5 in Transmutations
  8236 | D:9      | Reached skill level 5 in Fire Magic
  8236 | D:9      | Reached skill level 5 in Ice Magic
  8236 | D:9      | Reached skill level 5 in Air Magic
  8236 | D:9      | Reached skill level 5 in Earth Magic
  8236 | D:9      | Reached skill level 5 in Poison Magic
  8489 | D:9      | Found a staircase to the Lair.
  8744 | D:9      | Found a glowing silver altar of Zin.
  8972 | Lair:1   | Entered Level 1 of the Lair of Beasts
  8976 | Lair:1   | Noticed a five-headed hydra
  9128 | D:10     | Entered Level 10 of the Dungeon
  9128 | D:10     | Noticed a two-headed ogre
  9132 | D:10     | Noticed a lindwurm
  9132 | D:10     | a two-headed ogre changed into a lindwurm
  9134 | D:10     | Noticed a salamander
  9134 | D:10     | a lindwurm changed into a salamander
  9142 | D:10     | Killed a salamander
  9314 | D:10     | Noticed Snorg
  9316 | D:10     | Noticed Snorg
  9316 | D:10     | Snorg changed into Snorg the jumping spider
  9317 | D:10     | Killed Snorg the jumping spider
  9470 | D:10     | Found Gaer's Armour Boutique.
  9517 | D:8      | Bought the +2 hat of the Bear Spirit {Spirit, +Rage rN+
                  | MR++} for 1251 gold pieces
  9517 | D:8      | Found the +2 hat of the Bear Spirit {Spirit, +Rage rN+
                  | MR++}
  9682 | D:10     | Killed an unseen horror
  9740 | D:10     | Noticed a death knight
  9833 | D:10     | Noticed Psyche
  9836 | D:10     | Killed Psyche
 10155 | D:10     | Noticed Nergalle
 10156 | D:10     | Noticed Nergalle
 10156 | D:10     | Nergalle changed into Nergalle the snapping turtle
 10169 | D:10     | Killed Nergalle the snapping turtle
 10293 | D:10     | Bought a +0 pair of boots of flying for 149 gold pieces
 10331 | D:11     | Noticed a green ugly thing
 10335 | D:11     | Killed a green ugly thing
 10335 | D:11     | Reached XP level 12. HP: 91/91 MP: 22/22
 10523 | D:11     | Found a sacrificial altar of Ru.
 11184 | D:12     | Noticed a two-headed ogre
 11190 | D:12     | Killed a two-headed ogre
 11190 | D:12     | Reached skill level 7 in Short Blades
 11577 | D:12     | Found a staircase to the Orcish Mines.
 11620 | D:12     | Noticed a two-headed ogre
 11621 | D:12     | Found a runed gate.
 11622 | D:12     | Found a runed gate.
 11623 | D:12     | Found a runed gate.
 11625 | D:12     | Noticed a yaktaur captain
 11635 | D:12     | Noticed mora's ghost (journeyman HOMo)
 11668 | D:12     | Noticed a shock serpent
 12256 | D:13     | Found a gate to the Vaults.
 12256 | D:13     | Noticed Rupert
 12256 | D:13     | Noticed Nessos
 12256 | D:13     | Noticed Urug
 12492 | D:13     | Noticed a five-headed hydra
 12511 | D:13     | Killed a two-headed hydra
 12517 | D:13     | Reached skill level 10 in Crossbows
 12557 | D:13     | Killed Urug
 12557 | D:13     | Reached XP level 13. HP: 69/98 MP: 19/24
 12561 | D:13     | Killed Nessos
 12669 | D:13     | Reached skill level 8 in Short Blades
 12882 | D:13     | Killed Rupert
 13241 | D:13     | Noticed a rakshasa
 13263 | D:13     | Killed a rakshasa
 13577 | D:14     | Found Xana's Antique Weapon Shop.
 13806 | D:14     | Found a shimmering altar of Xom.
 15358 | D:15     | Entered Level 15 of the Dungeon
 15406 | D:15     | Found an iron altar of Okawaru.
 15586 | D:15     | Found a hazy altar of Hepliaklqana.
 15669 | D:15     | Reached XP level 14. HP: 85/108 MP: 20/26
 15827 | D:15     | Noticed Louise
 15857 | D:15     | Killed Louise
 15973 | D:15     | Identified the +0 large shield of the New World {rPois rN+}
                  | (You took it off Louise on level 15 of the Dungeon)
 16451 | D:15     | Reached skill level 10 in Staves
 16451 | D:15     | Reached skill level 10 in Armour
 17184 | D:15     | Reached skill level 9 in Short Blades
 17287 | D:15     | Found a staircase to the Depths.
 17287 | D:15     | Noticed a dire elephant
 17588 | D:15     | Killed a dire elephant
 18311 | D:10     | Bought a +3 scale mail of fire resistance for 338 gold
                  | pieces
 18473 | Lair:1   | Got a steaming ring mail
 18474 | Lair:1   | Identified the +4 ring mail of Pride {rC+ rN+} (You found
                  | it on level 1 of the Lair of Beasts)
 18801 | Lair:1   | Reached skill level 10 in Invocations
 19510 | Lair:2   | Learned a level 1 spell: Apportation
 19512 | Lair:2   | Learned a level 1 spell: Summon Butterflies
 19515 | Lair:2   | Learned a level 2 spell: Shroud of Golubria
 19518 | Lair:2   | Learned a level 2 spell: Song of Slaying
 19522 | Lair:2   | Learned a level 3 spell: Regeneration
 19526 | Lair:2   | Learned a level 3 spell: Lesser Beckoning
 19542 | Lair:2   | Learned a level 3 spell: Tukima's Dance
 19689 | Lair:2   | Learned a level 2 spell: Blink
 19693 | Lair:2   | Learned a level 3 spell: Mephitic Cloud
 19793 | Lair:2   | You are sucked into a shaft!
 19926 | Lair:3   | Found a labyrinth entrance.
 19950 | Lab      | Entered a Labyrinth
 20029 | Lab      | Identified the +2 ring mail "Awexuh" {rF+ Str+3 Dex+4} (You
                  | found it in a labyrinth)
 20421 | Lab      | Identified the +0 leather armour "Kuoffic" {rPois} (You
                  | found it in a labyrinth)
 20471 | Lair:3   | Found a staircase to the Snake Pit.
 21530 | Lair:4   | Reached XP level 15. HP: 81/115 MP: 27/28
 21716 | Lair:4   | Identified the +6 quarterstaff "Louch" {drain, *Contam rN++
                  | Int+6} (You found it on level 4 of the Lair of Beasts)
 21782 | Lair:4   | Reached skill level 10 in Fighting
 21782 | Lair:4   | Reached skill level 10 in Evocations
 21856 | Lair:4   | Identified the +2 long sword of Hitiurun {flame, rF+ rC++
                  | MR+ Stlth-} (You found it on level 4 of the Lair of Beasts)
 21943 | Lair:4   | Reached skill level 10 in Stealth
 22032 | Lair:4   | Found a staircase to the Swamp.
 22285 | Lair:5   | Found a staircase to the Slime Pits.
 22953 | Lair:6   | Entered Level 6 of the Lair of Beasts
 23541 | Lair:6   | Reached skill level 10 in Short Blades
 23541 | Lair:6   | Reached skill level 10 in Long Blades
 23541 | Lair:6   | Reached skill level 10 in Axes
 23541 | Lair:6   | Reached skill level 10 in Maces & Flails
 23541 | Lair:6   | Reached skill level 10 in Polearms
 23541 | Lair:6   | Reached skill level 10 in Slings
 23541 | Lair:6   | Reached skill level 10 in Bows
 23541 | Lair:6   | Reached skill level 10 in Throwing
 23541 | Lair:6   | Reached skill level 10 in Dodging
 23541 | Lair:6   | Reached skill level 10 in Shields
 23541 | Lair:6   | Reached skill level 10 in Unarmed Combat
 23541 | Lair:6   | Reached skill level 10 in Spellcasting
 24141 | Lair:6   | Upgraded the game from 0.23-a0-180-ga5275e7ff7 to
                  | 0.23-a0-395-gcf17ac6c65
 24780 | Lair:6   | Identified the amulet "Odotyuw" {+Rage rF+ rC- Str+4 Int+4}
                  | (You found it on level 6 of the Lair of Beasts)
 24782 | Lair:6   | Identified the +9 fustibalus "Wabb" {venom, rN+ Int+4} (You
                  | found it on level 6 of the Lair of Beasts)
 25359 | D:15     | Bought an iridescent hand crossbow for 221 gold pieces
 25359 | D:15     | Identified the +7 hand crossbow of Ataor {elec, *Slow rPois
                  | rN+ Dex+4} (You bought it in a shop on level 15 of the
                  | Dungeon)
 25609 | Swamp:1  | Entered Level 1 of the Swamp
 25808 | Swamp:2  | Reached XP level 16. HP: 121/124 MP: 30/30
 26089 | Swamp:2  | Identified a scroll of acquirement
 26391 | Swamp:3  | Reached skill level 11 in Short Blades
 26492 | Swamp:4  | Entered Level 4 of the Swamp
 27183 | Swamp:4  | Noticed a thorn hunter
 27199 | Swamp:4  | Killed a thorn hunter
 27672 | Swamp:4  | Got a decaying rune of Zot
 28813 | Swamp:1  | Paralysed by a hornet for 1 turns
 28854 | Swamp:1  | Reached XP level 17. HP: 76/131 MP: 22/32
 29440 | Swamp:1  | Reached skill level 12 in Short Blades
 29884 | Snake:1  | Entered Level 1 of the Snake Pit
 30376 | Snake:1  | Identified the +12 falchion of Pandemonium {holy, *Noise
                  | +Fly rPois Str+4}
 30765 | Snake:1  | Identified the cursed +1 scale mail of Thoughtfulness
                  | {rPois rN++} (You found it on level 1 of the Snake Pit)
 32154 | Snake:1  | Identified the +3 leather armour "Hyara" {rC- rN+++ rCorr
                  | Int-2} (You found it on level 1 of the Snake Pit)
 32399 | Snake:1  | Found the +0 mask of the Dragon {MR+ Slay+3 SInv}
 32771 | D:15     | Bought a translucent troll leather armour for 560 gold
                  | pieces
 32771 | D:15     | Identified the +1 troll leather armour of Weiffug {rElec
                  | rF++ Regen+ rCorr Int-4 Slay+2} (You bought it in a shop on
                  | level 15 of the Dungeon)
 33229 | Snake:2  | Found Oxisebog's Jewellery Boutique.
 33804 | Snake:3  | Found Soazusch's Weapon Shop.
 33807 | Snake:3  | Found Wycrop's Armour Boutique.
 33807 | Snake:3  | Found Goidood's Weapon Shop.
 33812 | Snake:3  | Found Fumn's Antique Weapon Boutique.
 33818 | Snake:3  | Bought a warped scimitar for 207 gold pieces
 33820 | Snake:3  | Identified the +10 scimitar of Infinity {slice, rF+ Str+2}
                  | (You bought it in a shop on level 3 of the Snake Pit)
 34079 | Snake:3  | Found Adwogh's Assorted Antiques.
 34088 | Snake:3  | Bought a potion of curing for 78 gold pieces
 34088 | Snake:3  | Bought a scroll of identify for 52 gold pieces
 34088 | Snake:3  | Bought a scroll of summoning for 247 gold pieces
 34163 | Snake:3  | Reached skill level 13 in Short Blades
 34389 | Snake:4  | Entered Level 4 of the Snake Pit
 34404 | Snake:4  | Reached skill level 10 in Conjurations
 34404 | Snake:4  | Reached skill level 10 in Hexes
 34404 | Snake:4  | Reached skill level 10 in Charms
 34404 | Snake:4  | Reached skill level 10 in Summonings
 34404 | Snake:4  | Reached skill level 10 in Necromancy
 34404 | Snake:4  | Reached skill level 10 in Translocations
 34404 | Snake:4  | Reached skill level 10 in Transmutations
 34404 | Snake:4  | Reached skill level 10 in Fire Magic
 34404 | Snake:4  | Reached skill level 10 in Ice Magic
 34404 | Snake:4  | Reached skill level 10 in Air Magic
 34404 | Snake:4  | Reached skill level 10 in Earth Magic
 34404 | Snake:4  | Reached skill level 10 in Poison Magic
 34467 | Snake:4  | Reached XP level 18. HP: 72/140 MP: 19/33
 34712 | Snake:4  | Got a serpentine rune of Zot
 35130 | Orc:1    | Entered Level 1 of the Orcish Mines
 35289 | Orc:1    | Found a runed door.
 35299 | Orc:1    | Found the +10 large shield of Ignorance {rN+ Int-4}
 35397 | Orc:1    | Found a runed door.
 35696 | Orc:1    | Found a runed door.
 35713 | Orc:1    | Noticed Nyeqih's ghost (journeyman DDFi)
 35815 | Orc:1    | Killed Nyeqih's ghost
 35821 | Orc:1    | Identified the Almanac of Blistering Battle Magic
 35904 | Orc:2    | Entered Level 2 of the Orcish Mines
 36001 | Orc:2    | Noticed Maurice
 36013 | Orc:2    | Killed Maurice
 36151 | Orc:2    | Found a staircase to the Elven Halls.
 36333 | Orc:2    | Found Heffic's Distillery.
 36660 | Orc:2    | Found Hetig's Jewellery Emporium.
 36660 | Orc:2    | Found Kacu's Food Boutique.
 36662 | Orc:2    | Found Hemurasho's Antique Weapon Boutique.
 36662 | Orc:2    | Found Sytiw's Food Emporium.
 36673 | Orc:2    | Bought a cursed ring of teleportation for 63 gold pieces
 36723 | Elf:1    | Entered Level 1 of the Elven Halls
 37072 | Elf:1    | Reached skill level 14 in Short Blades
 37470 | Elf:1    | Reached XP level 19. HP: 144/147 MP: 35/35
 37999 | Elf:2    | Identified the +1 chain mail "Irhigov" {rF+ rCorr} (You
                  | found it on level 2 of the Elven Halls)
 38479 | Elf:2    | Found a huge runed gate.
 38479 | Elf:2    | Found a huge runed gate.
 38479 | Elf:2    | Found a huge runed gate.
 38479 | Elf:2    | Found a huge runed gate.
 38488 | Elf:2    | Found a huge runed gate.
 38556 | Elf:3    | Entered Level 3 of the Elven Halls
 38603 | Elf:3    | Found Gufoppigg's Jewellery Shop.
 38654 | Elf:3    | Found Vihoet's Book Shop.
 38797 | Elf:3    | Found Funtudi's Jewellery Boutique.
 38800 | Elf:3    | Found Joemp's Armour Shoppe.
 39282 | Elf:3    | Noticed a Hell Sentinel
 39399 | Elf:3    | Noticed a Tzitzimitl
 39832 | Elf:3    | Reached skill level 15 in Short Blades
 39836 | Elf:3    | Identified the +6 rapier "Hell-Harrower" {pierce, rF+ rN+
                  | Int+2 Dex-4}
 39854 | Elf:3    | Identified the +3 fire dragon scales of Apathy {rPois rF++
                  | rC-}
 39897 | Elf:3    | Found the +3 sling "Punk" {acid, rCorr}
 39948 | Elf:3    | Identified the +12 long sword of the Wheel {venom, Int+10
                  | Dex-3}
 39963 | Elf:3    | Reached XP level 20. HP: 155/156 MP: 36/36
 40002 | Elf:3    | Identified the Guide on Supportive Unholy Rituals
 40018 | Elf:3    | Identified the +2 pair of gloves of the Orcish Mines
                  | {Int+4} (You found it on level 3 of the Elven Halls)
 40082 | Elf:3    | Identified Xagi's Grimoire of Hexes
 40240 | Elf:3    | Bought the ring "Koddemn" {rElec SInv Stlth+} for 477 gold
                  | pieces
 40577 | D:8      | Bought a potion of brilliance for 44 gold pieces
 40577 | D:8      | Bought a potion of might for 44 gold pieces
 40577 | D:8      | Bought a potion of cancellation for 88 gold pieces
 40577 | D:8      | Bought a potion of brilliance for 44 gold pieces
 40577 | D:8      | Bought a potion of haste for 110 gold pieces
 40577 | D:8      | Bought a potion of curing for 33 gold pieces
 40577 | D:8      | Bought a potion of brilliance for 44 gold pieces
 40577 | D:8      | Bought a potion of cancellation for 88 gold pieces
 40577 | D:8      | Bought a potion of flight for 33 gold pieces
 40577 | D:8      | Bought a potion of flight for 33 gold pieces
 40577 | D:8      | Bought a potion of haste for 110 gold pieces
 40623 | D:7      | Bought a potion of brilliance for 56 gold pieces
 40623 | D:7      | Bought a potion of curing for 42 gold pieces
 40623 | D:7      | Bought a potion of berserk rage for 70 gold pieces
 40623 | D:7      | Bought a potion of brilliance for 56 gold pieces
 40623 | D:7      | Bought a potion of might for 56 gold pieces
 40818 | D:15     | Bought the ring "Teog" {Ice Str+4 Dex-3 Slay+6} for 1186
                  | gold pieces
 40868 | Vaults:1 | Entered Level 1 of the Vaults
 42513 | Vaults:2 | Found Ypateh's Magic Scroll Boutique.
 42521 | Vaults:2 | Bought a scroll of blinking for 105 gold pieces
 42521 | Vaults:2 | Bought 3 scrolls of remove curse for 126 gold pieces
 42521 | Vaults:2 | Bought a scroll of remove curse for 42 gold pieces
 42521 | Vaults:2 | Bought a scroll of fog for 28 gold pieces
 42521 | Vaults:2 | Bought a scroll of teleportation for 42 gold pieces
 42521 | Vaults:2 | Bought a scroll of holy word for 105 gold pieces
 42521 | Vaults:2 | Bought a scroll of remove curse for 42 gold pieces
 42521 | Vaults:2 | Bought a scroll of silence for 105 gold pieces
 42521 | Vaults:2 | Bought a scroll of fear for 49 gold pieces
 42521 | Vaults:2 | Bought a scroll of immolation for 49 gold pieces
 42575 | Vaults:2 | Cast into level 3 of the Abyss (vault warden)
 42607 | Vaults:2 | Escaped the Abyss
 42722 | Vaults:2 | Found a staircase to the Crypt.
 42838 | Vaults:2 | Noticed Saint Roka
 42879 | Vaults:2 | Killed Saint Roka
 43295 | Vaults:2 | Noticed Xtahua
 43310 | Vaults:2 | Killed Xtahua
 43310 | Vaults:2 | Reached skill level 16 in Short Blades
 43531 | Vaults:2 | Noticed Sojobo
 43553 | Vaults:2 | Killed Sojobo
 43553 | Vaults:2 | Reached XP level 21. HP: 119/164 MP: 25/38
 43599 | Vaults:2 | Identified the +5 long sword of Qainn {holy, rF- rC+ Int+2}
                  | (You found it on level 2 of the Vaults)
 44368 | Vaults:2 | Cast into level 3 of the Abyss (vault warden)
 44711 | Vaults:2 | Escaped the Abyss
 44906 | Vaults:3 | Learned a level 5 spell: Aura of Abjuration
 44912 | Vaults:3 | Learned a level 5 spell: Dispel Undead
 44917 | Vaults:3 | Learned a level 4 spell: Passage of Golubria
 44937 | Vaults:3 | Reached skill level 15 in Crossbows
 45177 | Vaults:3 | Reached skill level 15 in Invocations
 45204 | Vaults:3 | Noticed Mara
 45217 | Vaults:3 | Upgraded the game from 0.23-a0-395-gcf17ac6c65 to
                  | 0.23-a0-644-gb60d84b635
 45223 | Vaults:3 | Killed Mara
 45543 | Vaults:3 | Found Gajitw Alie's Distillery.
 45551 | Vaults:3 | Bought a potion of curing for 45 gold pieces
 45551 | Vaults:3 | Bought a potion of curing for 45 gold pieces
 45551 | Vaults:3 | Bought 2 potions of lignification for 90 gold pieces
 45551 | Vaults:3 | Bought a potion of agility for 60 gold pieces
 45551 | Vaults:3 | Bought a potion of invisibility for 120 gold pieces
 45551 | Vaults:3 | Bought a potion of mutation for 120 gold pieces
 45551 | Vaults:3 | Bought a potion of haste for 150 gold pieces
 45551 | Vaults:3 | Bought a potion of ambrosia for 120 gold pieces
 45551 | Vaults:3 | Bought a potion of flight for 45 gold pieces
 45900 | Vaults:3 | Reached XP level 22. HP: 172/172 MP: 40/40
 45927 | Vaults:3 | Identified the +3 giant spiked club of Slime {freeze, Str+3
                  | Dex+3} (You found it on level 3 of the Vaults)
 46057 | Vaults:4 | Noticed Frederick
 46065 | Vaults:4 | Killed Frederick
 46081 | Vaults:4 | Noticed Jory
 46091 | Vaults:4 | Killed Jory
 46276 | Vaults:4 | Reached skill level 17 in Short Blades
 46978 | Vaults:4 | Found the +8 orange crystal plate armour {Archmagi, Int+3
                  | Clar}
 47171 | Vaults:5 | Entered Level 5 of the Vaults
 47178 | Vaults:5 | HP: 3/173 [vault guard/exploding inner flame[the player
                  | character] (15)]
 47179 | Vaults:5 | Killed from afar by a vault guard

Vault maps used:
D:1:      lightli_arrival_lavapool
D:2:      dancing_weapons_uskayaw
D:3:      lemuel_zombie_altar_kikubaaqudgha, xom_butterflies,
          minmay_misc_feat_room, moated_statue, grunt_ministairs_8
D:4:      fedhas_altar_2, first_ration, serial_shops, shop, uniq_pikel
D:5:      gammafunk_ghost_grave, gup_sewer_entry_bowl
D:6:      minmay_temple_entry_grid
D:7:      old_standard_altar, bloody_trog, cheibriados_altar_1,
          gammafunk_temple_overflow_pools, serial_shops, shop, roderic_batcave,
          nemelex_lonely_heart_becter, uniq_duvessa, uniq_harold
D:8:      kennysheep_mini_moat, serial_shops, shop, nicolae_shop_stone, shop,
          shop_fountains, nicolae_shop_stone, enter_bailey_7, uniq_erica
D:9:      zin_academy, lair_entry_dummy, uniq_joseph
D:10:     serial_shops, shop, blue_anna_alchemist, uniq_snorg, uniq_psyche,
          uniq_nergalle
D:11:     dk_noncrumbling_4, nicolae_ru_sacrificial_ziggurat
D:12:     david_orc_4, gammafunk_ghost_split
D:13:     david_vaults_3, serial_park_tiny_1, grunt_ministairs_1, st_stairs_7,
          grunt_decor_mini_mirrors
D:14:     serial_shops, shop, basic_altar
D:15:     hangedman_depths_entry_try_elsewhere_first, okawaru_ov_weapons_minmay,
          basic_altar, minmay_unpleasant_kobolds, uniq_louise
Temple:   minmay_temple_curvy_loop
Lair:1:   lemuel_fruit_tree, grunt_megastairs_1
Lair:2:   minivault_23
Lair:3:   minmay_snake_entry_guardpost_small, serial_bayou, serial_bayou_ford_a,
          serial_bayou_crossing, serial_bayou_pond_d, serial_bayou_pond_a,
          lab_entry_generic, cheibrodos_lair_lostbears
Lair:4:   nicolae_swamp_entry_splash_gauntlet
Lair:5:   minmay_slime_entry_eyes
Lair:6:   due_jungle_book, worms_lemuel, grunt_megastairs_5,
          infiniplex_staircase_pool, uniq_nessos
Swamp:1:  serial_swamp_ruin, evilmike_swamp_ruin_house_4,
          evilmike_swamp_ruin_house_5, evilmike_swamp_ruin_house_3
Swamp:2:  nicolae_swamp_fairy_circle
Swamp:3:  nicolae_swamp_triple_paths, swamp_pool4, st_swamp_mini
Swamp:4:  swamp_alternative, swamp_pool1
Snake:1:  kennysheep_snake, serial_bayou_shore_b
Snake:2:  statue_in_the_mist_lemuel, grunt_ministairs_5, spider_trap,
          minmay_shop_star
Snake:3:  serial_shops, shop, minmay_shoptagon, serial_bayou_shore_b
Snake:4:  snake_pit, uniq_vashnia
Orc:1:    gammafunk_ghost_grave, chequers_guarded_unrand_ignorance
Orc:2:    grunt_orc_tribal_feast, serial_shops, shop, uniq_maurice
Elf:1:    elf_arrival_001, minivault_28
Elf:2:    serial_sigils_hangedman_shear
Elf:3:    grunt_elf_hall_asides, serial_shops, nicolae_shop_stone,
          nicolae_shop_waterfront, shop_statue, nicolae_shop_waterfront
Vaults:1: vaults_room_guarded_vault, v_misc_17, v_misc_16,
          vaults_dpeg_encased_lava, hangedman_vaults_slither,
          ontoclasm_vaults_ring_small, nicolae_vaults_windows_and_doors_thing,
          nicolae_vaults_little_squares_4, vaults_room_door_ring, v_misc_18,
          ontoclasm_vaults_loading_screen, ontoclasm_vaults_fault, v_misc_9,
          v_misc_13
Vaults:2: minmay_crypt_entry_simple_statues, st_octagons_2,
          vaults_standard_mumra_enter_the_diamond, vaults_dpeg_doors,
          nicolae_vaults_shelves_hall, dpeg_vaults_monster_box,
          hangedman_vaults_river_flow, v_alt_pattern_4, v_misc_26,
          vaults_room_large_hall, nicolae_vaults_mini_display_case, v_misc_30,
          vaults_dpeg_ring, serial_ice_h, nicolae_vaults_ring_of_whatevers,
          ontoclasm_vaults_misaligned, serial_shops, nicolae_shop_waterfront,
          uniq_sojobo, uniq_xtahua, uniq_saint_roka
Vaults:3: nicolae_vaults_network_star, grunt_vaults_diagonal,
          vaults_mumra_chevron, nicolae_vaults_hallways_thing, v_misc_10,
          vaults_room_ringed_pool, ontoclasm_vaults_ligature,
          nicolae_vaults_little_squares_6, serial_shops, nicolae_shop_trees,
          uniq_mara
Vaults:4: nicolae_vaults_theta, ontoclasm_vaults_claustrophobia,
          hangedman_vaults_nails, nicolae_vaults_network_s,
          vaults_room_semicircle, hangedman_vaults_capsules,
          hangedman_vaults_variations, hangedman_vaults_stagger,
          vaults_room_large_hall, ontoclasm_vaults_gateway,
          ontoclasm_vaults_twist, vaults_dpeg_diagonal,
          grunt_vaults_hallway_short, vaults_dpeg_hooks, uniq_jory,
          uniq_frederick
Abyss:3:  evilmike_abyss_exit_17, evilmike_abyss_exit_16, minivault_20,
          minivault_23, hangedman_abyss_or_decor_jellyfish_corner,
          lemuel_flamethrower_3, evilmike_nicolae_abyss_rune_betentacled_crabyss
Lab:      labyrinth_spiral, nicolae_lab_hexagon, nicolae_lab_big_swirl,
          nicolae_lab_flowing_pool, nicolae_lab_dead_end, lab_statue, lab_block,
          nicolae_lab_grate_2, nicolae_lab_arrow, nicolae_lab_very_dead_end,
          nicolae_lab_t_cross
Sewer:    sewer_fruit_machine
Bailey:   bailey_polearm_4, bailey

Skill      XL: |  1  2  3  4  5  6  7  8  9 10 11 12 13 14 15 16 17 18 19 20 21 22 |
---------------+-------------------------------------------------------------------+-----
Invocations    | 1 2 3 4 5 6 7 8 9 10 11 12 13 14 15 | 15.5
Short Blades   | 1 2 3 4 5 6 7 8 9 10 11 13 14 15 16 17 | 17.1
Long Blades    | 1 2 3 4 5 6 7 8 9 10 11 12 13 14 | 14.4
Axes           | 1 2 3 4 5 6 7 8 9 10 11 12 13 14 | 14.4
Maces & Flails | 1 2 3 4 5 6 7 8 9 10 11 12 13 14 | 14.4
Polearms       | 1 2 3 4 5 6 7 8 9 10 11 12 13 14 | 14.4
Slings         | 1 2 3 4 5 6 7 8 9 10 11 12 13 14 | 14.4
Bows           | 1 2 3 4 5 6 7 8 9 10 11 12 13 14 | 14.4
Throwing       | 1 2 3 4 5 6 7 8 9 10 11 12 13 14 | 14.4
Dodging        | 1 2 3 4 5 6 7 8 9 10 11 12 13 14 | 14.4
Shields        | 1 2 3 4 5 6 7 8 9 10 11 12 13 14 | 14.4
Unarmed Combat | 1 2 3 4 5 6 7 8 9 10 11 12 13 14 | 14.4
Spellcasting   | 1 2 3 4 5 6 7 8 9 10 11 12 13 14 | 14.4
Conjurations   | 1 2 3 4 5 6 7 8 9 10 11 12 | 12.4
Hexes          | 1 2 3 4 5 6 7 8 9 10 11 12 | 12.4
Charms         | 1 2 3 4 5 6 7 8 9 10 11 12 | 12.4
Summonings     | 1 2 3 4 5 6 7 8 9 10 11 12 | 12.4
Necromancy     | 1 2 3 4 5 6 7 8 9 10 11 12 | 12.4
Translocations | 1 2 3 4 5 6 7 8 9 10 11 12 | 12.4
Transmutations | 1 2 3 4 5 6 7 8 9 10 11 12 | 12.4
Fire Magic     | 1 2 3 4 5 6 7 8 9 10 11 12 | 12.4
Ice Magic      | 1 2 3 4 5 6 7 8 9 10 11 12 | 12.4
Air Magic      | 1 2 3 4 5 6 7 8 9 10 11 12 | 12.4
Earth Magic    | 1 2 3 4 5 6 7 8 9 10 11 12 | 12.4
Poison Magic   | 1 2 3 4 5 6 7 8 9 10 11 12 | 12.4
Fighting       | 3 4 5 6 7 8 9 10 11 12 13 14 | 14.6
Evocations     | 3 4 5 6 7 8 9 10 11 12 13 14 | 14.6
Stealth        | 3 4 5 6 7 8 9 10 11 12 13 14 | 14.5
Staves         | 5 6 7 8 9 10 11 12 13 14 | 14.9
Armour         | 5 6 7 8 9 10 11 12 13 14 | 14.9
Crossbows      | 7 8 9 10 11 12 13 14 15 | 15.5

Action                   |  1- 3 |  4- 6 |  7- 9 | 10-12 | 13-15 | 16-18 | 19-21 | 22-24 || total
-------------------------+-------+-------+-------+-------+-------+-------+-------+-------++-------
Melee: Whip              |       |       |    23 |    75 |       |       |       |       ||    98
       Bite              |       |       |     7 |    27 |   145 |   170 |   185 |     1 ||   535
       Trident           |       |       |    27 |    80 |    66 |       |       |       ||   173
       Hand axe          |       |       |       |    24 |       |       |       |       ||    24
       Punch             |       |       |       |     5 |    12 |       |       |       ||    17
       Scimitar          |       |       |       |     3 |     9 |    22 |       |       ||    34
       War axe           |       |       |       |     2 |   232 |       |       |       ||   234
       Morningstar       |       |       |       |       |   243 |       |       |       ||   243
       Longbow           |       |       |       |       |     1 |       |       |       ||     1
       Broad axe         |       |       |       |       |   183 |   887 |   978 |       ||  2048
       Long sword        |       |       |       |       |    20 |    62 |     3 |    12 ||    97
       Falchion          |       |       |       |       |       |    15 |     5 |       ||    20
 Fire: Hand crossbow     |    61 |   111 |   194 |   560 |   350 |   481 |   160 |   137 ||  2054
       Longbow           |       |       |       |       |   125 |       |       |       ||   125
       Fustibalus        |       |       |       |       |       |    46 |    78 |       ||   124
Throw: Throwing net      |       |       |       |       |       |     1 |       |       ||     1
 Cast: Regeneration      |       |       |       |       |       |     1 |     1 |       ||     2
       Shroud of Golubri |       |       |       |       |       |     1 |     1 |       ||     2
       Mephitic Cloud    |       |       |       |       |       |       |     3 |       ||     3
       Summon Butterflie |       |       |       |       |       |       |     2 |       ||     2
       Tukima's Dance    |       |       |       |       |       |       |     2 |       ||     2
       Apportation       |       |       |       |       |       |       |     1 |       ||     1
Invok: Call Merchant     |       |       |       |     1 |     3 |     3 |     2 |       ||     9
Evoke: Wand              |       |       |     3 |    44 |    22 |     3 |    11 |     1 ||    84
       Lamp of fire      |       |       |       |     2 |     2 |     2 |     2 |       ||     8
       Sack of spiders   |       |       |       |       |       |     3 |     3 |       ||     6
       Box of beasts     |       |       |       |       |       |     2 |       |       ||     2
  Use: Scroll            |       |       |    12 |    16 |    23 |     9 |    11 |     4 ||    75
       Potion            |       |       |     9 |     2 |     7 |     5 |     9 |       ||    32
 Stab: Sleeping          |       |       |       |     1 |     9 |    13 |    20 |     2 ||    45
       Distracted        |       |       |       |       |     9 |     8 |    14 |       ||    31
       Confused          |       |       |       |       |       |     1 |       |       ||     1
       Invisible         |       |       |       |       |       |       |     6 |       ||     6
  Eat: Chunk             |       |     4 |     9 |       |       |       |       |       ||    13
       Ration            |       |       |     2 |     5 |    15 |    10 |     9 |       ||    41
Armor: Ring mail         |     4 |     1 |    55 |   119 |   334 |   161 |       |       ||   674
       Scale mail        |       |     9 |    21 |       |       |       |       |       ||    30
       Troll leather arm |       |       |       |       |       |    66 |   141 |     7 ||   214
Dodge: Dodged            |     3 |    11 |    97 |   279 |   646 |   661 |   521 |    33 ||  2251
       Deflected         |       |       |       |       |       |    36 |    43 |     4 ||    83
Block: Large shield      |       |       |       |       |   637 |  1078 |   972 |    59 ||  2746
       Rpst.: Scimitar   |       |       |       |     1 |     1 |       |       |       ||     2
       Long sword        |       |       |       |       |       |    14 |       |       ||    14

Table legend:
 A = Non-vault XP
 B = Vault XP
 C = Vault XP percentage of total XP
 D = Non-vault monster count
 E = Vault monster count
 F = Vault count percentage of total count
                 A         B        C        D         E       F
            +---------+---------+-------+---------+---------+-------
      Total |  331629 |  318542 |  49.0 |    1043 |     536 |  33.9
            +---------+---------+-------+---------+---------+-------
        D:1 |      43 |       0 |   0.0 |      23 |       0 |   0.0
        D:2 |      86 |       0 |   0.0 |      25 |       0 |   0.0
        D:3 |     403 |      25 |   5.8 |      27 |       6 |  18.2
        D:4 |     378 |     607 |  61.6 |      16 |       1 |   5.9
        D:5 |     495 |      20 |   3.9 |      19 |       4 |  17.4
        D:6 |     997 |       0 |   0.0 |      30 |       0 |   0.0
        D:7 |     817 |    1389 |  63.0 |      25 |      13 |  34.2
        D:8 |    2247 |    1008 |  31.0 |      44 |       5 |  10.2
        D:9 |    2044 |     906 |  30.7 |      31 |       2 |   6.1
       D:10 |    4663 |    1085 |  18.9 |      21 |       4 |  16.0
       D:11 |    2681 |       0 |   0.0 |      25 |       0 |   0.0
       D:12 |    4782 |     625 |  11.6 |      31 |      18 |  36.7
       D:13 |    6255 |    8349 |  57.2 |      29 |      24 |  45.3
       D:14 |   10026 |       0 |   0.0 |      36 |       0 |   0.0
       D:15 |   12306 |    3750 |  23.4 |      45 |      10 |  18.2
     Lair:1 |    3168 |    1599 |  33.5 |      17 |       7 |  29.2
     Lair:2 |    2523 |       0 |   0.0 |       9 |       0 |   0.0
     Lair:3 |    4698 |    1866 |  28.4 |      15 |       8 |  34.8
     Lair:4 |    7518 |     926 |  11.0 |      18 |       5 |  21.7
     Lair:5 |    4240 |     571 |  11.9 |      16 |       2 |  11.1
     Lair:6 |   13584 |    9247 |  40.5 |      29 |      28 |  49.1
    Swamp:1 |    9762 |       0 |   0.0 |      25 |       0 |   0.0
    Swamp:2 |   16046 |       0 |   0.0 |      45 |       0 |   0.0
    Swamp:3 |    8403 |    1728 |  17.1 |      27 |       2 |   6.9
    Swamp:4 |   12674 |   17223 |  57.6 |      20 |      30 |  60.0
    Snake:1 |   13512 |   18752 |  58.1 |      29 |      34 |  54.0
    Snake:2 |    5175 |     911 |  15.0 |      11 |       2 |  15.4
    Snake:3 |   14241 |       0 |   0.0 |      21 |       0 |   0.0
    Snake:4 |    1442 |   33654 |  95.9 |       4 |      47 |  92.2
      Orc:1 |    6254 |    1188 |  16.0 |      54 |       1 |   1.8
      Orc:2 |    3621 |    8349 |  69.7 |      28 |      31 |  52.5
      Elf:1 |   17400 |    8550 |  32.9 |      29 |      15 |  34.1
      Elf:2 |   21944 |   14032 |  39.0 |      36 |      10 |  21.7
      Elf:3 |   13681 |   34640 |  71.7 |      22 |      23 |  51.1
   Vaults:1 |   22490 |   18863 |  45.6 |      42 |      32 |  43.2
   Vaults:2 |   11262 |   65558 |  85.3 |      19 |      75 |  79.8
   Vaults:3 |   38995 |   19658 |  33.5 |      53 |      13 |  19.7
   Vaults:4 |   18349 |   21411 |  53.9 |      27 |      18 |  40.0
   Vaults:5 |       0 |   15329 | 100.0 |       0 |      15 | 100.0
    Abyss:3 |   12424 |    1705 |  12.1 |      20 |       2 |   9.1
        Lab |       0 |    3108 | 100.0 |       0 |      13 | 100.0
      Sewer |       0 |      58 | 100.0 |       0 |      20 | 100.0
     Bailey |       0 |    1852 | 100.0 |       0 |      16 | 100.0
            +---------+---------+-------+---------+---------+-------
